 Dungeon Crawl Stone Soup version 0.30.0-19-g36f170ea60 (webtiles) character file.

Game seed: 3774453541155170013

107 ChrisAssaf the Sneak (level 4, -5/38 HPs)
             Began as a Gnoll Brigand on May 26, 2023.
             Killed by divine providence
             ... invoked by an orc priest
              (15 damage)
             ... on level 2 of the Dungeon.
             The game lasted 00:02:04 (377 turns).

ChrisAssaf the Sneak (Gnoll Brigand)                 Turns: 377, Time: 00:02:05

Health: -5/38      AC:  3    Str: 10    XL:     4   Next: 86%
Magic:  5/5        EV: 12    Int: 13    God:
Gold:   27         SH:  0    Dex: 13    Spells: 5/5 levels left

rFire   . . .        a - +2 dagger
rCold   . . .        (no shield)
rNeg    . . .        b - +0 robe
rPois   .            (no helmet)
rElec   .            c - +0 cloak
rCorr   .            (no gloves)
SInv    .            (no boots)
Will    .....        (no amulet)
Stlth   ++++         (no ring)
HPRegen 0.26/turn    (no ring)
MPRegen 0.09/turn

%: no passive effects
@: no status effects
A: fangs 1, strong nose, distributed training
a: no special abilities


You were on level 2 of the Dungeon.
You visited 1 branch of the dungeon, and saw 2 of its levels.

You collected 27 gold pieces.

Inventory:

Hand Weapons
 a - a +2 dagger (weapon)
Missiles
 e - 2 curare-tipped darts (quivered)
 f - 3 stones
Armour
 b - a +0 robe (worn)
 c - a +0 cloak (worn)
Scrolls
 g - a scroll of vulnerability
 h - a scroll of identify
Potions
 d - a potion of lignification {unknown}


   Skills:
 + Level 4.7 Fighting
 + Level 4.7 Short Blades
 + Level 1.3 Long Blades
 + Level 1.3 Axes
 + Level 1.3 Maces & Flails
 + Level 1.3 Polearms
 + Level 1.3 Staves
 + Level 1.3 Ranged Weapons
 + Level 4.7 Throwing
 + Level 1.3 Armour
 + Level 2.8 Dodging
 + Level 7.9 Stealth
 + Level 1.3 Shields
 + Level 1.3 Unarmed Combat
 + Level 1.3 Spellcasting
 + Level 1.0 Conjurations
 + Level 1.0 Hexes
 + Level 1.0 Summonings
 + Level 1.0 Necromancy
 + Level 1.0 Translocations
 + Level 1.0 Transmutations
 + Level 1.0 Fire Magic
 + Level 1.0 Ice Magic
 + Level 1.0 Air Magic
 + Level 1.0 Earth Magic
 + Level 1.0 Poison Magic
 + Level 1.4 Invocations
 + Level 1.3 Evocations


You had 5 spell levels left.
You didn't know any spells.
Your spell library was empty.

Dungeon Overview and Level Annotations

Branches:
Dungeon (2/15)

Altars:

Annotations:
D:2 Terence


Innate Abilities, Weirdness & Mutations

You have very sharp teeth.
Your uncanny sense of smell can sniff out nearby items.
Your experience applies equally to all skills.


Message History

Throw: 3 darts (curare)
Press: ? - help, Q - select action Shift-Dir - straight line, f - kobold
Aim: a kobold, wielding a +0 whip and quivering stones (55% to hit)
You throw a curare-tipped dart. The curare-tipped dart hits the kobold.
The kobold is poisoned.
The kobold convulses.
You kill the kobold!
You see here a bat corpse.
d - a metallic emerald potion
Items here: (( ) †.
f - 3 stones You see here a scroll labelled KEN OK BIECYI.
You hit the rat.
You kill the rat!
You see here a rat corpse.
h - a scroll labelled KEN OK BIECYI
e - 3 curare-tipped darts (gained 1)
Things that are here:
a +0 whip; a kobold corpse
Found a blue potion.
An orc priest comes into view. It is wielding a +0 flail.
You see here a scroll labelled KEN OK BIECYI.
Throw: 3 darts (curare)
Press: ? - help, Q - select action, (/) - cycle Shift-Dir - straight line, f - orc priest
Aim: an orc priest, wielding a +0 flail (wandering, hasn't noticed you, 62% to hit)
You throw a curare-tipped dart.
The curare-tipped dart hits the orc priest.
The orc priest is poisoned.
The orc priest convulses.
The orc priest seems to slow down.
The orc priest shouts!
The orc priest is moderately wounded.
h - 2 scrolls labelled KEN OK BIECYI (gained 1)
As you read the scroll labelled KEN OK BIECYI, it crumbles to dust.
It is a scroll of identify.
g - a scroll of vulnerability Terence the Incautious comes into view.
He is wielding a +0 flail and wearing a +0 ring mail of poison resistance.
The orc priest is no longer moving slowly.
The orc priest invokes the aid of Beogh against you.
Beogh smites you!
You die...

... .# ...##
.... ..b.
..# ... ...
#.### #
#...# .! ∆
#.# #...# #
#.# ....# #.
#@##..(.
#.#####o#.o#
#..........#
##.....##.##
# #.....##.#
#.....†..#
#.....####
#...).#
#..†..#


You could see an orc priest (poisoned).

Vanquished Creatures
  A hound (D:2)
  2 orc wizards (D:2)
  An adder (D:2)
  An orc (D:2)
  A giant cockroach (D:2)
  A hobgoblin (D:2)
  A quokka (D:1)
  A bat (D:2)
  A frilled lizard (D:1)
  4 goblins
  3 kobolds
  4 rats
21 creatures vanquished.

Notes
Turn   | Place    | Note
-------+----------+-------------------------------------------
     0 | D:1      | ChrisAssaf the Gnoll Brigand began the quest for the Orb.
     0 | D:1      | Reached XP level 1. HP: 20/20 MP: 1/1
   148 | D:1      | Reached XP level 2. HP: 25/26 MP: 2/2
   285 | D:2      | Reached skill level 1 in Long Blades
   285 | D:2      | Reached skill level 1 in Axes
   285 | D:2      | Reached skill level 1 in Maces & Flails
   285 | D:2      | Reached skill level 1 in Polearms
   285 | D:2      | Reached skill level 1 in Staves
   285 | D:2      | Reached skill level 1 in Ranged Weapons
   285 | D:2      | Reached skill level 1 in Armour
   285 | D:2      | Reached skill level 1 in Shields
   285 | D:2      | Reached skill level 1 in Unarmed Combat
   285 | D:2      | Reached skill level 1 in Spellcasting
   285 | D:2      | Reached skill level 1 in Invocations
   285 | D:2      | Reached skill level 1 in Evocations
   285 | D:2      | Reached XP level 3. HP: 30/31 MP: 2/4
   307 | D:2      | Reached skill level 1 in Conjurations
   307 | D:2      | Reached skill level 1 in Hexes
   307 | D:2      | Reached skill level 1 in Summonings
   307 | D:2      | Reached skill level 1 in Necromancy
   307 | D:2      | Reached skill level 1 in Translocations
   307 | D:2      | Reached skill level 1 in Transmutations
   307 | D:2      | Reached skill level 1 in Fire Magic
   307 | D:2      | Reached skill level 1 in Ice Magic
   307 | D:2      | Reached skill level 1 in Air Magic
   307 | D:2      | Reached skill level 1 in Earth Magic
   307 | D:2      | Reached skill level 1 in Poison Magic
   307 | D:2      | Reached XP level 4. HP: 17/38 MP: 3/5
   341 | D:2      | HP: 1/38 [bat (1)]
   375 | D:2      | Noticed Terence
   377 | D:2      | Killed from afar by an orc priest

Illustrated notes

Levels and vault maps discovered:
D:1:      dpeg_arrival_pits, layout_loops_ring, serial_shops,
          nicolae_shop_mannequins
D:2:      layout_rooms, uniq_terence, uniq_sigmund, uniq_jessica

Skill      XL: |  1  2  3 |
---------------+----------+-----
Long Blades    | 1 |  1.3
Axes           | 1 |  1.3
Maces & Flails | 1 |  1.3
Polearms       | 1 |  1.3
Staves         | 1 |  1.3
Ranged Weapons | 1 |  1.3
Armour         | 1 |  1.3
Shields        | 1 |  1.3
Unarmed Combat | 1 |  1.3
Spellcasting   | 1 |  1.3
Invocations    | 1 |  1.4
Evocations     | 1 |  1.3
Conjurations   | 1 |  1.0
Hexes          | 1 |  1.0
Summonings     | 1 |  1.0
Necromancy     | 1 |  1.0
Translocations | 1 |  1.0
Transmutations | 1 |  1.0
Fire Magic     | 1 |  1.0
Ice Magic      | 1 |  1.0
Air Magic      | 1 |  1.0
Earth Magic    | 1 |  1.0
Poison Magic   | 1 |  1.0
Fighting       | |  4.7
Short Blades   | |  4.7
Throwing       | |  4.7
Dodging        | |  2.8
Stealth        | |  7.9

Action                     |  1- 3 |  4- 6 || total
---------------------------+-------+-------++-------
  Melee: Dagger            |    57 |    30 ||    87
         Bite              |     2 |       ||     2
         Punch             |     1 |     1 ||     2
  Throw: Dart              |       |     2 ||     2
    Use: Scroll            |     1 |     2 ||     3
         Potion            |     1 |       ||     1
   Stab: Sleeping          |     2 |       ||     2
 Armour: Robe              |    10 |     7 ||    17
  Dodge: Dodged            |    28 |     7 ||    35
